 Dungeon Crawl Stone Soup version 0.26-a0-639-g72c4674329 (webtiles) character file.

Game seed: 13109356617360370043

314 PentaManta the Chopper (level 6, -4/47 HPs)
             Began as a Formicid Abyssal Knight on Sept 20, 2020.
             Was a Believer of Lugonu.
             Killed from afar by Dowan (13 damage)
             ... with a puff of frost
             ... on level 5 of the Dungeon.
             The game lasted 00:08:27 (5538 turns).

PentaManta the Chopper (Formicid Abyssal Knight)    Turns: 5538, Time: 00:08:28

Health: -4/47      AC:  8    Str: 18    XL:     6   Next: 72%
Magic:  7/7        EV:  7    Int: 12    God:    Lugonu [**....]
Gold:   214        SH:  0    Dex: 10    Spells: 5/5 levels left

rFire    . . .     SeeInvis +   a - +2 hand axe
rCold    . . .     Faith    .   (no shield)
rNeg     . . .     Spirit   .   p - +0 chain mail
rPois    .         Reflect  .   (helmet unavailable)
rElec    .         Harm     .   (no cloak)
rCorr    .         Rampage  .   (no gloves)
MR       .....                  (no boots)
Stlth    ..........             (no amulet)
HPRegen  0.15/turn              (no ring)
MPRegen  0.10/turn              (no ring)

@: no status effects
A: permanent stasis, dig shafts and tunnels, four strong arms, antennae 3
a: Dig, Shaft Self, Depart the Abyss, Bend Space, Renounce Religion


You were on level 5 of the Dungeon.
You worshipped Lugonu.
Lugonu was pleased with you.
You visited 1 branch of the dungeon, and saw 5 of its levels.
You visited the Abyss 1 time.

You collected 214 gold pieces.

Inventory:

Hand Weapons
 a - a +2 hand axe (weapon)
Missiles
 s - 3 poisoned darts (quivered)
Armour
 o - a +0 plate armour
 p - a +0 chain mail (worn)
Jewellery
 k - an uncursed amulet of magic regeneration {unknown}
 n - an uncursed ring of ice
Scrolls
 b - a scroll of fear {unknown}
 d - 3 scrolls of remove curse
 h - 2 scrolls of amnesia {unknown}
 i - 2 scrolls of noise {unknown}
 j - 2 scrolls of magic mapping
 m - 3 scrolls of identify
 q - 2 scrolls of enchant armour {unknown}
 t - 2 scrolls of enchant weapon
Potions
 c - 2 potions of heal wounds
 e - a potion of resistance {unknown}
 f - a potion of lignification {unknown}
 g - 3 potions of haste {unknown}
 l - 2 potions of flight {unknown}
 u - a potion of might {unknown}


   Skills:
 - Level 3.2 Fighting
 + Level 6.6 Axes
 - Level 2.1 Armour
 - Level 0.8 Dodging
 - Level 2.1 Invocations


You had 5 spell levels left.
You didn't know any spells.
Your spell library was empty.

Dungeon Overview and Level Annotations

Branches:
Dungeon (5/15)
 Temple: D:4-7

Altars:
Yredelemnul
Zin

Annotations:
D:4 3 runed translucent doors, broness's ghost, amateur DrFE
D:5 Dowan; Duvessa


Innate Abilities, Weirdness & Mutations

You cannot be hasted, slowed, berserked, paralysed or teleported.
You can dig through walls and to a lower floor.
Your four strong arms can wield two-handed weapons with a shield.
You have a pair of large antennae on your head. (SInv)


Message History

Duvessa hits you with a +0 short sword.
There is a large open door here.
Duvessa gestures with her weapon.
You open the large door. Dowan casts a spell at you.
The puff of flame hits you.
There is a large open door here.
Dowan casts a spell at you. The puff of flame hits you!
Dowan casts a spell.
Dowan blinks!
Dowan points at you and mumbles some strange words.
The puff of flame hits you. Dowan casts a spell at you.
The puff of frost hits you!
* * * LOW HITPOINT WARNING * * *
There is a stone staircase leading up here.
Dowan points at you and mumbles some strange words.
The puff of frost hits you!
You die...

####
#.#
#####
#o#
#o#
#.#
#e#
#J#
#e#
#.#
#@#
###


You could see Duvessa, Dowan, a jelly and 2 orcs.

Vanquished Creatures
  A bullfrog skeleton (D:4)
  2 orc wizards (D:4)
  Terence (D:2)
  A worker ant (D:4)
  7 adders
  6 worms
  A dart slug (D:1)
  3 leopard geckos
  8 orcs
  A ball python (D:1)
  5 giant cockroaches
  10 goblins
  7 hobgoblins
  5 jackals
  4 quokkas (D:3)
  5 bats
  5 frilled lizards
  10 kobolds
  9 rats
91 creatures vanquished.

Notes
Turn   | Place    | Note
-------+----------+-------------------------------------------
     0 | Abyss:1  | PentaManta the Formicid Abyssal Knight began the quest for
                  | the Orb.
     0 | Abyss:1  | Reached XP level 1. HP: 18/18 MP: 2/2
    38 | Abyss:2  | Noticed a tentacled starspawn
    47 | Abyss:3  | Noticed a quasit
    52 | Abyss:3  | Noticed a spatial vortex
    89 | Abyss:4  | Noticed a dire elephant skeleton
   106 | D:1      | Escaped the Abyss
   383 | D:1      | Reached XP level 2. HP: 24/24 MP: 3/3
   452 | D:1      | Reached * piety under Lugonu
   600 | D:1      | Reached skill level 3 in Axes
   897 | D:1      | Reached XP level 3. HP: 22/29 MP: 4/4
  1977 | D:2      | Noticed Terence
  2054 | D:2      | Killed Terence
  2054 | D:2      | Reached skill level 4 in Axes
  2054 | D:2      | Reached XP level 4. HP: 22/35 MP: 5/5
  2768 | D:2      | Reached XP level 5. HP: 26/41 MP: 6/6
  3250 | D:3      | Reached skill level 5 in Axes
  3397 | D:3      | Reached ** piety under Lugonu
  3523 | D:3      | Found a basalt altar of Yredelemnul.
  4373 | D:4      | Found a runed translucent gate.
  4373 | D:4      | Found a runed translucent gate.
  4373 | D:4      | Found a runed translucent gate.
  4377 | D:4      | Noticed broness's ghost (amateur DrFE)
  4462 | D:4      | Reached XP level 6. HP: 33/47 MP: 7/7
  4571 | D:4      | Reached skill level 6 in Axes
  5306 | D:4      | Found a glowing silver altar of Zin.
  5482 | D:5      | Entered Level 5 of the Dungeon
  5512 | D:5      | Noticed Duvessa
  5512 | D:5      | Noticed Dowan
  5538 | D:5      | Killed from afar by Dowan

Illustrated notes

Levels and vault maps discovered:
D:1:      sevenhm_arrival_forest_fort_small_6, layout_basic
D:2:      minmay_spotlight, layout_basic, uniq_terence
D:3:      layout_loops_ring, overflow_temple_1_default
D:4:      layout_basic, zin_statuary, gammafunk_ghost_split,
          chequers_decorated_corner
D:5:      layout_basic, grunt_decor_arrowhead, uniq_duvessa,
          uniq_prince_ribbit1, uniq_sigmund

Skill      XL: |  1  2  3  4  5  6 |
---------------+-------------------+-----
Axes           | 3 4 5 6 |  6.6
Fighting       | |  3.2
Armour         | |  2.1
Dodging        | |  0.8
Invocations    | |  2.1

Action                   |  1- 3 |  4- 6 || total
-------------------------+-------+-------++-------
Melee: Hand axe          |   152 |   209 ||   361
Throw: Throwing net      |     1 |       ||     1
Invok: Depart the Abyss  |     1 |       ||     1
 Abil: Dig               |     1 |       ||     1
  Use: Scroll            |     4 |     3 ||     7
       Potion            |     2 |     1 ||     3
 Stab: Held in net/web   |     1 |       ||     1
Armor: Leather armour    |    50 |       ||    50
       Chain mail        |     8 |   116 ||   124
Dodge: Dodged            |   107 |    96 ||   203

Table legend: (Time is in decaauts)
 A = Elapsed time spent in this place.
 B = Non-inter-level travel time spent in this place.
 C = Inter-level travel time spent in this place.
 D = Time resting spent in this place.
 E = Time spent auto-exploring this place.
 F = Levels seen in this place.
 G = Mean time per level.
                   A        B        C        D        E       F      G
               +--------+--------+--------+--------+--------+-----+--------+
         Total |   5566 |   5453 |    113 |    829 |   3698 |   9 |  618.4 |
       Dungeon |   5459 |   5346 |    113 |    829 |   3698 |   5 | 1091.8 |
         Abyss |    107 |    107 |      0 |      0 |      0 |   4 |   26.8 |
               +--------+--------+--------+--------+--------+-----+--------+

Top non-repeatable levels by time:
     D:1: 1638 daAuts
     D:2: 1469 daAuts
     D:4: 1149 daAuts
     D:3: 1145 daAuts
     D:5: 55 daAuts
 Abyss:3: 43 daAuts
 Abyss:2: 26 daAuts
 Abyss:4: 23 daAuts
 Abyss:1: 13 daAuts
